 Dungeon Sprint DCSS version 0.18-a0-1797-gc18daef (webtiles) character file.

3700000 macross the Conqueror (level 20, -54/216 HPs)
             Began as a Minotaur Berserker on Apr 22, 2016.
             Annihilated by a meat berserker
             ... wielding a +9 battleaxe
              (75 damage)
             ... in the Dungeon (Sprint VIII: "Arena of Blood").
             The game lasted 00:02:22 (37 turns).

macross the Conqueror (Minotaur Berserker)            Turns: 37, Time: 00:02:24

Health: -54/216    AC:  4    Str: 29    XL:     20   Next: 67%
Magic:  19/44      EV: 27    Int:  4    God:
Gold:   0          SH:  0    Dex: 12    Spells: 0 memorised, 62 levels left

rFire  . . .     SeeInvis .     j - +∞ Axe of Woe
rCold  . . .     Gourm    .     b - +0 animal skin
rNeg   . . .     Faith    .     (shield currently unavailable)
rPois  .         Spirit   .     (helmet restricted)
rElec  .         Dismiss  .     (no cloak)
rCorr  .         Reflect  .     (no gloves)
SustAt .         Harm     .     (no boots)
MR     +....     NoTele   +     (no amulet)
Stlth  ++++++++..               m - +30 ring of slaying
                                l - +30 ring of slaying

@: somewhat resistant to hostile enchantments, extraordinarily stealthy
A: retaliatory headbutt, horns 2
a: no special abilities


You were in the Dungeon.
You were very full.

You visited 1 branch

Inventory:

Hand Weapons
 a - a +0 hand axe
 j - the +∞ Axe of Woe (weapon)
   (You found it in the Dungeon)
 k - a +9 battleaxe
Armour
 b - a +0 animal skin (worn)
Jewellery
 l - a +30 ring of slaying (left hand)
 m - a +30 ring of slaying (right hand)
Scrolls
 i - a scroll of blinking
Potions
 d - a potion of curing
 e - a potion of heal wounds
 f - a potion of haste
 g - 2 potions of magic
 h - a potion of berserk rage


   Skills:
 O Level 27 Fighting
 O Level 27 Axes
 O Level 27 Throwing
 O Level 27 Armour
 O Level 27 Dodging
 + Level 26.4 Stealth
 O Level 27 Unarmed Combat
 + Level 21.6 Spellcasting


You had 62 spell levels left.
You didn't know any spells.

Dungeon Overview and Level Annotations

Branches:
Dungeon (1/1)

Altars:
Makhleb


Innate Abilities, Weirdness & Mutations

You reflexively headbutt those who attack you in melee.
You have a pair of horns on your head.


Message History

The meat berserker hits you with a +9 battleaxe!
You hear a shout! x6
The meat berserker hits you with a +9 battleaxe!!!
* * * LOW HITPOINT WARNING * * *
You hear a shout!
The sculptor of flesh appears out of thin air!
The bag of meat shouts! x3
You continue eating.
You hear a shout! x3
The destroyer blinks!
The meat berserker hits you with a +9 battleaxe!!
* * * LOW HITPOINT WARNING * * *
The destroyer shouts!
You hear a shout! x2
The meat berserker completely misses you.
You hear a shout! x3
You continue eating.
You hear a shout!
The corpse begins to drag itself along the ground!
The meat berserker hits you with a +9 battleaxe!!!!
You die...

................
.....#.#..z....
.............####..
....o...............
........Vx..........
......oox..o........
.....o.))C......V...
#.....)o#..o.......
#.....)o#.@O.oo.O..
.###.....o)###Ooo.O...
......###.)C.VC.C.....
......_...o))V.......
..#.....#.....o.#.#.
#_.<._#........V..
#.....#.V....#.#.#
....._..............
......###.........#.#


You could see 4 destroyers, a sculptor of flesh, 3 large bags of meat, 4 meat
berserkers, 10 bags of meat and 2 crawling corpses.

Vanquished Creatures
  7 ogres (D)
  15 orcs (D)
22 creatures vanquished.

Notes
Turn   | Place    | Note
--------------------------------------------------------------
     0 | D        | macross the Minotaur Berserker began the quest for the Orb.
     0 | D        | Reached XP level 1. HP: 19/19 MP: 0/0
     3 | D        | Noticed a bag of meat
     5 | D        | Noticed a bag of meat
     6 | D        | Noticed a meat berserker
     7 | D        | Noticed a bag of meat
     8 | D        | Noticed a bag of meat
     8 | D        | Noticed a bag of meat
     8 | D        | Noticed a bag of meat
     8 | D        | Noticed a bag of meat
     9 | D        | Noticed a bag of meat
     9 | D        | Noticed a bag of meat
     9 | D        | Noticed a bag of meat
     9 | D        | Killed a meat berserker
     9 | D        | Reached XP level 2. HP: 62/62 MP: 1/1
     9 | D        | Reached XP level 3. HP: 69/69 MP: 2/2
     9 | D        | Reached XP level 4. HP: 78/78 MP: 3/3
     9 | D        | Reached XP level 5. HP: 85/85 MP: 4/4
     9 | D        | Reached XP level 6. HP: 93/93 MP: 5/5
     9 | D        | Reached XP level 7. HP: 101/101 MP: 6/6
     9 | D        | Reached XP level 8. HP: 110/110 MP: 7/7
     9 | D        | Reached XP level 9. HP: 116/116 MP: 8/8
     9 | D        | Reached XP level 10. HP: 125/125 MP: 9/9
     9 | D        | Reached XP level 11. HP: 133/133 MP: 10/10
     9 | D        | Reached XP level 12. HP: 140/140 MP: 11/11
     9 | D        | Reached XP level 13. HP: 148/148 MP: 12/12
    10 | D        | Noticed a bag of meat
    10 | D        | Noticed a bag of meat
    10 | D        | Noticed a bag of meat
    11 | D        | Noticed a meat berserker
    11 | D        | Killed a bag of meat
    11 | D        | Reached ** piety under Trog
    11 | D        | Reached skill level 15 in Armour
    11 | D        | Killed a bag of meat
    11 | D        | Reached XP level 14. HP: 166/166 MP: 13/13
    12 | D        | Noticed a meat berserker
    12 | D        | Killed a bag of meat
    12 | D        | Reached skill level 27 in Fighting
    12 | D        | Reached skill level 27 in Axes
    13 | D        | Killed a bag of meat
    13 | D        | Reached *** piety under Trog
    13 | D        | Reached XP level 15. HP: 174/174 MP: 14/14
    14 | D        | Killed a meat berserker
    14 | D        | Reached **** piety under Trog
    14 | D        | Reached skill level 27 in Armour
    14 | D        | Reached XP level 16. HP: 183/183 MP: 15/15
    17 | D        | Noticed a meat berserker
    17 | D        | Noticed a meat berserker
    17 | D        | Reached skill level 27 in Dodging
    17 | D        | Reached skill level 5 in Spellcasting
    18 | D        | Killed a meat berserker
    18 | D        | Reached XP level 17. HP: 191/191 MP: 15/29
    18 | D        | Reached skill level 15 in Unarmed Combat
    18 | D        | Reached skill level 10 in Spellcasting
    20 | D        | Reached skill level 15 in Throwing
    21 | D        | Noticed a large bag of meat
    22 | D        | Killed a meat berserker
    22 | D        | Reached XP level 18. HP: 191/200 MP: 15/34
    24 | D        | Noticed a large bag of meat
    24 | D        | Killed a meat berserker
    24 | D        | Fell from the grace of Trog
    24 | D        | Reached skill level 15 in Spellcasting
    24 | D        | Reached XP level 19. HP: 198/207 MP: 16/37
    26 | D        | Noticed a meat berserker
    27 | D        | Noticed a meat berserker
    29 | D        | Noticed a meat berserker
    29 | D        | Noticed a large bag of meat
    29 | D        | Noticed a large bag of meat
    29 | D        | Noticed a destroyer
    30 | D        | Noticed a destroyer
    30 | D        | Noticed a destroyer
    31 | D        | Noticed a meat berserker
    31 | D        | Noticed a destroyer
    32 | D        | Noticed a large bag of meat
    32 | D        | Killed a meat berserker
    32 | D        | Reached skill level 27 in Unarmed Combat
    32 | D        | Reached XP level 20. HP: 108/216 MP: 17/43
    32 | D        | Killed a meat berserker
    32 | D        | Reached skill level 27 in Throwing
    33 | D        | Noticed a destroyer
    36 | D        | Noticed a meat berserker
    37 | D        | Noticed a meat berserker
    37 | D        | Annihilated by a meat berserker

Vault maps used:
D:        meatsprint

Skill      XL: |  1  2  3  4  5  6  7  8  9 10 11 12 13 14 15 16 17 18 19 20 |
---------------+-------------------------------------------------------------+-----
Fighting       | 23 26 27 | 27.0
Axes           | 23 26 27 | 27.0
Armour         | 13 15 21 27 | 27.0
Dodging        | 12 14 19 25 27 | 27.0
Throwing       | 12 18 21 26 27 | 27.0
Stealth        | 11 17 19 24 26 | 26.4
Unarmed Combat | 13 19 22 27 | 27.0
Spellcasting   | 9 13 15 20 21 | 21.6

Action                   |  1- 3 |  4- 6 |  7- 9 | 10-12 | 13-15 | 16-18 | 19-21 || total
-------------------------+-------+-------+-------+-------+-------+-------+-------++-------
Melee: Executioner's axe |     1 |       |       |       |     4 |     5 |     3 ||    13
  Eat: Bread ration      |       |       |       |       |       |       |     1 ||     1
Dodge: Dodged            |       |       |       |       |     1 |       |     1 ||     2
